 Dungeon Crawl Stone Soup version 0.26.0-10-g1f06aea511 (webtiles) character file.

Game seed: 9615875912547411830

970 Borgoz the Cudgeller (level 8, -8/49 HPs)
             Began as a Gargoyle Berserker on Jan 18, 2021.
             Was an Elder of Trog.
             Mangled by an orc warrior
             ... wielding a +0 battleaxe
              (21 damage)
             ... on level 6 of the Dungeon.
             The game lasted 00:05:59 (5448 turns).

Borgoz the Cudgeller (Gargoyle Berserker)           Turns: 5448, Time: 00:06:00

Health: -8/49      AC: 10    Str: 22    XL:     8   Next: 16%
Magic:  8/8        EV: 14    Int:  7    God:    Trog [****..]
Gold:   321        SH:  0    Dex: 11    Spells: 7/7 levels left

rFire    . . .     SeeInvis +   a - +0 mace
rCold    . . .     Faith    +   (no shield)
rNeg     + . .     Spirit   .   (no armour)
rPois    ∞         Reflect  .   (no helmet)
rElec    +         Harm     .   x - +2 cloak {rPois}
rCorr    .         Rampage  .   f - +0 pair of gloves
Will     ++...                  (no boots)
Stlth    +.........             g - amulet of faith
HPRegen  1.16/turn              n - ring of see invisible
MPRegen  0.11/turn              (no ring)

@: berserk cooldown, regenerating, slowed, very slow
A: negative energy resistance 1, electricity resistance, unbreathing,
petrification resistance, miasma immunity, AC +5
a: Renounce Religion, Berserk, Trog's Hand, Brothers in Arms


You were on level 6 of the Dungeon.
You worshipped Trog.
Trog was greatly pleased with you.
You visited 2 branches of the dungeon, and saw 7 of its levels.
You also visited: Sewer.

You collected 321 gold pieces.

Inventory:

Hand Weapons
 a - a +0 mace (weapon)
Armour
 f - a +0 pair of gloves (worn)
 j - a +0 troll leather armour {Purgy}
 x - a +2 cloak of poison resistance (worn)
 A - the +1 robe of the Wasteland {Dex+4 SInv}
   (You found it on level 5 of the Dungeon)

   It affects your dexterity (+4).
   It lets you see invisible.
Jewellery
 g - an amulet of faith (around neck)
 m - an uncursed ring of flight
 n - a ring of see invisible (left hand)
Wands
 w - a wand of flame (25)
Scrolls
 c - 5 scrolls of teleportation
 h - a scroll of fog {unknown}
 i - a scroll of silence {unknown}
 l - 2 scrolls of enchant weapon {unknown}
 o - 2 scrolls of amnesia {unknown}
 q - a scroll of remove curse
 r - 2 scrolls of blinking
 s - a scroll of noise {unknown}
 u - 2 scrolls of enchant armour
 y - a scroll of random uselessness {unknown}
Potions
 b - a potion of haste
 d - a potion of heal wounds {unknown}
 e - 2 potions of flight
 k - 2 potions of mutation
 p - 3 potions of brilliance {unknown}
 t - 2 potions of curing
 v - a potion of might {unknown}
 z - 2 potions of resistance {unknown}


   Skills:
 + Level 5.2 Fighting
 * Level 6.0 Maces & Flails
 + Level 4.5 Armour
 * Level 4.6 Dodging


You had 7 spell levels left.
You didn't know any spells.
Your spell library was empty.

Dungeon Overview and Level Annotations

Branches:
Dungeon (6/15)             Temple (1/1) D:4           Sewer (visited)

Altars:
Ashenzari
Cheibriados
Dithmenos
Elyvilon
Fedhas
Gozag
Hepliaklqana
Kikubaaqudgha
Makhleb
Nemelex Xobeh
Okawaru
Qazlal
Ru
Sif Muna
Trog
Uskayaw
Vehumet
Wu Jian
Xom
Yredelemnul
Zin
The Shining One

Shops:
D:4 !


Innate Abilities, Weirdness & Mutations

You are resistant to torment.
Your stone body is resilient. (AC +5)
You are immune to poison.
You resist negative energy. (rN+)
You are resistant to electric shocks. (rElec)
You can survive without breathing.
You are immune to petrification.
You are immune to miasma.


Message History

The orc warrior is almost dead.
The orc warrior closely misses you.
You closely miss the orc warrior.
The orc warrior is almost dead.
You are no longer berserk.
You pass out from exhaustion.
You feel yourself slow down. The orc warrior completely misses you.
The orc warrior hits you with a +0 battleaxe!
* * * LOW HITPOINT WARNING * * *
The orc warrior hits you but does no damage.
You can move again.
Your skin crawls.
You feel strong-willed. The orc warrior barely misses you.
The orc warrior barely misses you.
You closely miss the orc warrior.
The orc warrior is almost dead.
The orc warrior hits you with a +0 battleaxe!!
You die...

##.......## ##..#
#........<####...#####
+...>.....+...........
#.........####...#####
##.......## ##..#
##.....## ##.# ##...##
#.# ##'## #.# #@# #.#
#o# #.# #o# #.# #)o.#
....... ..../..#.#
..#..##.##.# # #.. #..
. #. #.# #


You could see an orc warrior and 2 orcs.

Vanquished Creatures
  Purgy (Sewer)
  A centaur (D:5)
  A big kobold (Sewer)
  A scorpion (D:5)
  A howler monkey (D:5)
  A bullfrog zombie (D:5)
  2 orc priests
  Crazy Yiuf (D:4)
  2 hounds (D:5)
  A bullfrog skeleton (D:4)
  2 orc wizards
  Ijyb (D:4)
  4 worker ants
  9 adders
  2 river rats (D:5)
  A white imp (D:5)
  An ufetubus (D:6)
  An ooze (D:3)
  An adder skeleton (D:5)
  2 adder zombies
  A worm (D:4)
  A dart slug (D:3)
  3 leopard geckos
  14 orcs
  6 giant cockroaches
  11 goblins
  6 hobgoblins
  11 jackals
  5 quokkas
  3 ball pythons
  2 bats
  7 frilled lizards
  13 kobolds
  A leopard gecko skeleton (D:5)
  14 rats
134 creatures vanquished.

Notes
Turn   | Place    | Note
-------+----------+-------------------------------------------
     0 | D:1      | Borgoz the Gargoyle Berserker began the quest for the Orb.
     0 | D:1      | Reached XP level 1. HP: 14/14 MP: 1/1
   251 | D:1      | Reached XP level 2. HP: 18/19 MP: 2/2
   876 | D:1      | Reached XP level 3. HP: 23/23 MP: 3/3
   945 | D:1      | Reached ** piety under Trog
  1208 | D:2      | Reached XP level 4. HP: 16/28 MP: 4/4
  2494 | D:3      | Reached *** piety under Trog
  2495 | D:3      | Reached skill level 4 in Maces & Flails
  2517 | D:3      | Reached XP level 5. HP: 33/33 MP: 5/5
  3097 | D:4      | Found a staircase to the Ecumenical Temple.
  3168 | D:4      | Reached XP level 6. HP: 13/38 MP: 6/6
  3174 | Temple   | Entered the Ecumenical Temple
  3680 | D:4      | Found Suutely's Distillery.
  3841 | D:4      | Noticed Ijyb
  3848 | D:4      | Killed Ijyb
  3852 | D:4      | Reached **** piety under Trog
  3894 | D:4      | Found a runed translucent door.
  3895 | D:4      | Noticed Crazy Yiuf
  4174 | D:4      | Killed Crazy Yiuf
  4175 | D:4      | Reached skill level 5 in Maces & Flails
  4236 | D:5      | Entered Level 5 of the Dungeon
  4260 | D:5      | Found a glowing drain.
  4273 | D:5      | Reached XP level 7. HP: 44/44 MP: 7/7
  4341 | Sewer    | Entered a sewer
  4432 | Sewer    | Noticed Purgy
  4442 | Sewer    | Killed Purgy
  4653 | D:5      | Reached skill level 5 in Fighting
  4733 | D:5      | Reached XP level 8. HP: 45/49 MP: 8/8
  4930 | D:5      | Got a sheer robe
  5103 | D:5      | Identified the cursed +1 robe of the Wasteland {Dex+4 SInv}
                  | (You found it on level 5 of the Dungeon)
  5200 | D:5      | Reached skill level 6 in Maces & Flails
  5283 | D:6      | Found a basalt altar of Yredelemnul.
  5448 | D:6      | Mangled by an orc warrior

Illustrated notes

Levels and vault maps discovered:
D:1:      zaba_arrival_water, layout_loops_ring
D:2:      layout_basic
D:3:      layout_loops_ring, hangedman_decor_points, serial_bayou_pond_e
D:4:      layout_loops_ring, minmay_temple_entry_statues_fountains,
          serial_shops, shop, grunt_decor_resistance, uniq_crazy_yiuf_cottage,
          uniq_ijyb
D:5:      layout_loops_ring, portal_sewer_entry_a
D:6:      layout_loops_corners, yredelemnul_altar_generic, lemuel_blue_sif_altar
Temple:   compressed_dpeg_triangle_lava_temple

Skill      XL: |  1  2  3  4  5  6  7  8 |
---------------+-------------------------+-----
Dodging        | 2 3 4 |  4.6
Armour         | 3 4 |  4.5
Maces & Flails | 4 5 6 |  6.0
Fighting       | 4 5 |  5.2

Action                   |  1- 3 |  4- 6 |  7- 9 || total
-------------------------+-------+-------+-------++-------
Melee: Mace              |   122 |   259 |   185 ||   566
Invok: Berserk           |       |     5 |     2 ||     7
       Trog's Hand       |       |     1 |     2 ||     3
  Use: Scroll            |       |     8 |     3 ||    11
Armor: Animal skin       |    20 |       |       ||    20
       Ring mail         |    35 |   124 |   102 ||   261
       Troll leather arm |       |       |    26 ||    26
       Skin              |       |       |    17 ||    17
Dodge: Dodged            |    97 |   214 |   216 ||   527
